xgamer, neutral female sylph Healer -.|. -.- ---.-- ..... .-- ..- ...|------ |.....| .........| ....- -..--.--.---....-- -...)....| ......- ................. |.|.....-- ........---.....--........ |.|-...-- ..... ........| ..... |.--.--- .... ......-- ...-- |....| ..... ... .^.| -....-- ..... ... |......| .... .-- --.--...--------.... ..|. |...| .............. ..... |.-- -.....------ .G@. |.| .....| ..G |.| -.... |.- -.. |<. |.. xgamer the Rhizotomist Experience level: 2 Strength: 8 Dexterity: 13 Constitution: 15 Intelligence: 8 Wisdom: 16 Charisma: 16 Health: 0(18) Energy: 0(10) Def: 2 Gold: 1320 Moves: 727 Dungeon seed: g_iGI4ZDu6qAHW8F Game ID: xgamer_1534357255 Your Inventory: Coins $ - 1320 gold pieces Weapons a - a blessed +0 scalpel named Scalpel of Bloodlust (weapon in hand) r - 8 uncursed +0 shuriken Armor e - an uncursed +1 pair of leather gloves (being worn) n - an uncursed +0 dunce cap z - an uncursed +0 Hawaiian shirt (being worn) Comestibles k - 7 blessed eucalyptus leaves l - a blessed sprig of wolfsbane m - 2 blessed cloves of garlic o - 5 uncursed apples s - an uncursed lichen corpse u - 5 uncursed food rations w - an uncursed pear D - an uncursed fortune cookie Scrolls x - an uncursed scroll of scare monster Spellbooks h - a blessed spellbook of healing i - a blessed spellbook of extra healing j - a blessed spellbook of stone to flesh Potions c - 4 uncursed potions of healing d - 3 uncursed potions of extra healing p - an uncursed potion of gain energy t - a blessed potion of sleeping Wands g - an uncursed wand of sleep (0:7) Tools b - an uncursed stethoscope q - an uncursed magic harp (0:0) E - an uncursed sack Gems y - 2 uncursed worthless pieces of black glass Spells and supernatural/magical abilities: Name Level Category Fail Memory h - healing 1 healing 15% 97% x - extra healing 3 healing 100% 97% S - stone to flesh 3 healing 100% 97% W - pray for help -- divine ? -- Your skills at the end: Miscellaneous Skills wands [Basic] Weapon Skills knife [Basic] Spellcasting Skills healing spells [Basic] Final Attributes: You were devoutly aligned. You were poison resistant. You saw invisible. You were stealthy. You were protected from shape changers. You are dead. Vanquished creatures: a floating eye 2 dwarves a kobold lord a hobbit 4 geckos a yellow mold a gnome 2 jackals 2 newts 4 goblins a sewer rat a grid bug a lichen a kobold zombie 23 creatures vanquished. Voluntary challenges: You went without food. You did not adorn yourself with jewelry or accessories. You did not cause conflict. You were not invisible. You did not have reflection. You were not displaced. You were an atheist. You used a wielded weapon 15 times, starting on turn 41. You did not use tools. You did not use plumbed fixtures. You were illiterate. You never genocided any monsters. You never polymorphed an object. You never changed form. You used no wishes. You never split a pudding. You never wrote Elbereth's name. You never violated your personal moral code. Dungeon overview: The Dungeons of Doom: levels 1 to 5 Level 1 a long staircase Level 2 Level 3 a fountain Level 4 some fountains stairs to The Gnomish Mines Level 5 The Gnomish Mines: Level 5 <- You were here stairs to The Dungeons of Doom History has recorded: On T:1 you entered the Dungeons of Doom to retrieve the Amulet of Yendor! On T:160 you reached level 2 of The Dungeons of Doom. On T:220 you reached level 3 of The Dungeons of Doom. On T:367 you reached level 4 of The Dungeons of Doom. On T:547 you reached level 5 of The Dungeons of Doom. On T:555 you advanced to experience level 2. On T:609 you reached level 1 of The Gnomish Mines. Score breakdown: Gold: 230 ( 23 points) Experience: 2 levels ( 100 points) Exploration: 5 levels ( 120 points) Discoveries: 0 items ( 0 points) Variety of kills: 14 monsters ( 700 points) Major goal: (nothing yet) ( 0 points) Survival: died (score multiplied by 3) Total score: 2829 Latest messages: The dwarf is moderately wounded. The dwarf wields a broad short sword! The broad short sword welds itself to the dwarf's hand! You hear rumbling in the distance. You hear some noises. The dwarf thrusts her broad short sword at you. The dwarf just misses! You hear some noises in the distance. (2x) You see here a bag. You carefully open the bag... E - a bag. The jitterbug bites! You hack the jitterbug. The jitterbug is lightly wounded. The jitterbug displaces you! The jitterbug bites! (2x) You hack the jitterbug. The jitterbug is moderately wounded. The jitterbug displaces you! The jitterbug bites! (8x) You try to draw healing from your surroundings, but they are blocked off from your skin. The jitterbug bites! You hear rumbling in the distance. The gnome punches you! You die... Final status: Goodbye xgamer the Healer, killed by a gnome... You died in The Gnomish Mines on dungeon level 5 with 2829 points, and 1320 pieces of gold, after 727 moves. You were level 2 with a maximum of 18 hit points when you died.